 Dungeon Crawl Stone Soup version 0.23.2-42-gf373564dc4 (webtiles) character file.

Game seed: 9171493506676538426

83533 McKennaii the Blocker (level 15, 0/122 HPs)
             Began as a Demonspawn Fighter on Nov 6, 2019.
             Was a High Priest of Makhleb.
             Slain by a harpy (7 damage)
             ... on level 2 of the Shoals.
             The game lasted 01:15:22 (23265 turns).

McKennaii the Blocker (Demonspawn Fighter)         Turns: 23265, Time: 01:15:22

Health: 0/122      AC:  0    Str: 22    XL:     15   Next: 32%
Magic:  0/21       EV: 16    Int:  9    God:    Makhleb [*****.]
Gold:   1193       SH:  0    Dex: 14    Spells: 14/14 levels left

rFire    . . .     SeeInvis .   (weapon currently unavailable)
rCold    . . .     Gourm    .   (shield currently unavailable)
rNeg     . . .     Faith    .   (armour currently unavailable)
rPois    .         Spirit   +   (helmet currently unavailable)
rElec    .         Reflect  .   (cloak currently unavailable)
rCorr    .         Harm     .   (gloves currently unavailable)
MR       +....                  (boots unavailable)
Stlth    ++........             (no amulet)
HPRegen  0.30/turn              (ring currently unavailable)
MPRegen  0.34/turn              (ring currently unavailable)

@: pig-form, slowed
A: small, demonic guardian 1, magic shield, magic regeneration
a: Minor Destruction, Lesser Servant of Makhleb, Major Destruction, Greater
Servant of Makhleb, Renounce Religion


You were on level 2 of the Shoals.
You worshipped Makhleb.
Makhleb was extremely pleased with you.
You were not hungry.
You were a filthy swine.
You visited 4 branches of the dungeon, and saw 23 of its levels.

You collected 1984 gold pieces.
You spent 791 gold pieces at shops.

Inventory:

Hand Weapons
 a - a +0 war axe
 F - the +6 mace "Zeerirr" (melded) {drain, rC+ rN+}
   (You found it on level 6 of the Dungeon)

   A truly terrible weapon, it drains the life of those it strikes.
   It protects you from cold.
   It protects you from negative energy.
Armour
 c - a +0 shield (melded)
 u - a +2 pair of gloves (melded)
 w - a +2 cloak (melded)
 L - the +3 helmet of the Ageless Beds (melded) {MP+9 Int+2}
   (You bought it in a shop on level 5 of the Dungeon)

   It affects your intelligence (+2).
   It affects your magic capacity (+9).
 N - a +1 plate armour (melded)
Jewellery
 o - an uncursed ring of positive energy
 B - the ring "Plog" (melded) {+Fly rPois rN+ Int+3 Dex+4}
   (You found it on level 6 of the Dungeon)

   [ring of positive energy]

   It affects your intelligence (+3).
   It affects your dexterity (+4).
   It protects you from poison.
   It protects you from negative energy.
   It lets you fly.
 C - an uncursed ring of resist corrosion
 V - a +4 ring of dexterity (melded)
 X - the ring of Yttot {Fire +Blink Str+3 SInv}
   (You found it on level 6 of the Lair of Beasts)

   [ring of fire]

   It enhances your fire magic.
   It affects your strength (+3).
   It protects you from fire.
   It makes you vulnerable to cold.
   It lets you see invisible.
   It lets you blink.
Wands
 q - a wand of enslavement (21)
 v - a wand of random effects (58)
 x - a wand of paralysis (22)
 A - a wand of polymorph (15)
 D - a wand of clouds (3)
 I - a wand of iceblast (3)
 Q - a wand of flame (16)
 S - a wand of digging (5)
 T - a wand of acid (11)
Scrolls
 e - 3 scrolls of identify
 i - a scroll of holy word {unknown}
 k - a scroll of summoning {unknown}
 l - 3 scrolls of blinking
 n - 4 scrolls of remove curse
 y - 6 scrolls of enchant weapon
 z - 2 scrolls of teleportation
 J - 4 scrolls of immolation {unknown}
 K - 3 scrolls of enchant armour
 M - 4 scrolls of fog {unknown}
 O - a scroll of silence {unknown}
 R - 2 scrolls of magic mapping {unknown}
 U - 3 scrolls of amnesia {unknown}
 Y - 3 scrolls of fear
 Z - 3 scrolls of torment {unknown}
Potions
 b - 9 potions of curing
 d - 5 potions of might
 g - 5 potions of agility
 h - 8 potions of flight
 j - a potion of heal wounds
 m - a potion of ambrosia
 p - 2 potions of mutation {unknown}
 r - 7 potions of degeneration {unknown}
 s - 5 potions of brilliance {unknown}
 t - 3 potions of cancellation {unknown}
 E - 3 potions of berserk rage
 G - a potion of invisibility {unknown}
 H - a potion of resistance {unknown}
 P - a potion of haste {unknown}
Comestibles
 f - 45 rations
 W - a chunk of flesh


   Skills:
 * Level 12.7 Fighting
 * Level 11.1(11.2) Axes
 - Level 2.7(7.7) Maces & Flails
 + Level 10.3 Armour
 + Level 4.2 Dodging
 + Level 3.8 Stealth
 + Level 14.7 Shields
 * Level 9.2 Invocations
 + Level 1.9 Evocations


You had 14 spell levels left.
You didn't know any spells.
Your spell library contained the following spells:

 Spells                   Type           Power        Failure   Level  Hunger
 Animate Skeleton         Necr           N/A          38%         1    ##.....
 Apportation              Tloc           #.....       38%         1    ##.....
 Confusing Touch          Hex            #.....       38%         1    ##.....
 Infusion                 Chrm           #...         38%         1    ##.....
 Magic Dart               Conj           #...         38%         1    ##.....
 Summon Butterflies       Summ           #.......     38%         1    ##.....
 Summon Small Mammal      Summ           #...         38%         1    ##.....
 Searing Ray              Conj           #.....       52%         2    ###....
 Shroud of Golubria       Chrm/Tloc      #.........   52%         2    ###....
 Song of Slaying          Chrm           #.......     52%         2    ###....
 Dazzling Spray           Conj/Hex       #.....       77%         3    ####...
 Lesser Beckoning         Tloc           #.........   77%         3    ####...
 Regeneration             Chrm/Necr      #.........   77%         3    ####...
 Spectral Weapon          Hex/Chrm       #.......     77%         3    ####...
 Tukima's Dance           Hex            #.......     77%         3    ####...
 Force Lance              Conj/Tloc      #.......     99%         4    #####..
 Fulminant Prism          Conj/Hex       #.........   99%         4    #####..
 Iskenderun's Mystic Bla  Conj           #.......     99%         4    #####..
 Alistair's Intoxication  Tmut/Pois      #.......     100%        5    ######.
 Invisibility             Hex            #.......     100%        6    #######


Dungeon Overview and Level Annotations

Branches:
Dungeon (14/15)            Temple (1/1) D:6            Lair (6/6) D:8
 Shoals (2/4) Lair:3       Spider (0/4) Lair:4        Slime (0/5) Lair:5
    Orc (0/2) D:9
 Vaults: D:13-14

Altars:
Ashenzari
Cheibriados
Dithmenos
Elyvilon
Fedhas
Gozag
Hepliaklqana
Kikubaaqudgha
Makhleb
Nemelex Xobeh
Okawaru
Qazlal
Ru
Sif Muna
Trog
Uskayaw
Vehumet
Wu Jian
Xom
Yredelemnul
Zin
The Shining One
Beogh

Shops:
D:5 **[   D:6 =

Annotations:
Lair:5 MalarOregon's ghost, journeyman DrCj
Shoals:2 Kirke


Innate Abilities, Weirdness & Mutations

((You have claws for feet.))
((You are mostly covered in large bone plates. (SH +6)))
((Your flesh is cold resistant. (rC+)))
A weak demonic guardian rushes to your aid.
When hurt, damage is shared between your health and your magic reserves.
You regenerate magic rapidly.


Message History

Okay, then.
As you read the scroll labeled MOMALONOEWK, it crumbles to dust.
It is a scroll of enchant armour.
Your +0 plate armour glows green for a moment.
The harpy screeches!
The harpy claws you.
* * * LOW HITPOINT WARNING * * *
The harpy claws you!
* * * LOW HITPOINT WARNING * * *
Kirke points at you and mumbles some strange words.
You feel yourself slow down.
You feel much better. The harpy misses you. The harpy closely misses you.
The harpy claws you!
* * * LOW HITPOINT WARNING * * *
The harpy misses you. Kirke hits you!!
* * * LOW HITPOINT WARNING * * *
The harpy claws you!
* * * LOW HITPOINT WARNING * * *
The harpy claws you!
You die...

#.###...[.≈.....≈≈.......≈≈≈.≈≈≈≈
........≈≈≈≈.....≈≈..###..≈≈≈≈≈≈≈
.....≈≈≈≈≈≈≈≈.....≈≈.# #..≈≈≈≈≈≈≈
....†≈≈≈≈≈≈≈≈..#....## #.≈≈≈≈≈≈≈≈
≈≈...≈≈≈≈≈≈≈≈.####.### #.≈≈≈≈≈≈≈≈
≈≈≈..≈≈≈≈≈.≈..# #...###..≈≈≈≈≈≈≈
......≈≈≈≈≈..## ##...)..≈≈≈≈≈≈≈≈
....≈≈≈≈....## ###Hk≈..≈≈≈≈≈≈≈≈≈≈
...≈≈≈≈≈≈≈... #hHhm≈.≈≈≈≈≈≈≈≈≈≈≈
..≈.≈≈≈≈≈≈. ##@h≈≈≈≈≈≈≈≈≈≈≈≈≈≈
≈≈≈≈≈≈ ###.≈≈≈≈≈≈≈≈≈≈≈≈≈
##.≈≈≈≈≈≈≈≈≈≈≈≈
).#####≈≈≈≈≈≈≈≈≈≈≈≈≈≈
≈≈....≈≈≈≈≈≈≈≈≈≈≈≈≈≈
≈≈≈≈≈HH{≈≈≈≈≈≈≈≈≈
≈≈≈≈≈≈≈≈≈≈≈≈≈≈≈≈ ≈≈≈≈≈≈≈###≈≈≈≈≈≈


You could see Kirke, a lindwurm, a water nymph, 2 harpies and 2 hogs.

Vanquished Creatures
  Jorgrun (D:13)
  Nessos (Lair:5)
  An ogre mage (D:11)
  Harold (D:7)
  11 hydras
  A merfolk avatar (Shoals:1)
  A satyr (Shoals:2)
  4 death yaks (Lair:4)
  6 two-headed ogres
  A centaur warrior (D:13)
  Urug (Lair:3)
  Nergalle (Lair:2)
  An unseen horror (D:12)
  2 sea snakes (Shoals:1)
  A wolf spider zombie (D:11)
  7 harpies
  2 oklob plants (Lair:5)
  Pikel (D:7)
  2 manticores
  11 fauns (Shoals:2)
  5 cyclopes
  2 ugly things
  5 merfolk sirens
  4 black mambas
  2 centaur zombies
  A water nymph (Shoals:2)
  An ice statue (D:8)
  Psyche (D:8)
  13 spiny frogs
  5 komodo dragons
  3 rime drakes
  A queen bee (Lair:4)
  3 trolls
  4 meliai
  7 merfolk
  8 polar bears
  4 hornets (Lair:6)
  3 wind drakes
  25 blink frogs
  13 dream sheep
  11 hippogriffs
  A snapping turtle (Shoals:1)
  14 spriggans (Lair:6)
  2 wraiths (D:13)
  2 water elementals (Shoals:1)
  A shadow (D:11)
  A hog (Shoals:2)
  2 basilisks
  16 yaks
  2 hungry ghosts
  A steam dragon (D:7)
  A death yak simulacrum (Lair:6)
  The ghost of test0r the Conjurer, an amateur DrCj of Vehumet (D:4)
  2 vampire mosquitoes (D:13)
  2 acid dragons
  2 hydra simulacra (Lair:6)
  10 water moccasins
  Purgy (D:3)
  3 orc warriors
  6 porcupines
  3 black bears
  3 phantoms
  3 sky beasts
  2 ice beasts
  An eye of draining (D:13)
  5 necrophages
  7 ogres
  4 boggarts (Lair:6)
  11 centaurs
  15 wolves
  9 crocodiles
  13 bullfrogs
  3 big kobolds
  4 scorpions
  27 killer bees
  12 wights
  A howler monkey (D:4)
  2 electric eels (D:8)
  9 crimson imps
  6 jellies
  4 centaur skeletons
  A gnoll shaman (D:9)
  Crazy Yiuf (D:6)
  9 hounds
  10 orc priests
  3 bullfrog skeletons
  4 iguanas
  Ijyb (D:3)
  6 worker ants
  12 orc wizards
  A hound zombie (D:7)
  3 hound skeletons
  A howler monkey zombie (D:6)
  2 worker ant zombies
  8 gnolls
  A howler monkey skeleton (D:10)
  11 adders
  A shadow imp (D:8)
  6 oozes
  An adder zombie (D:6)
  A worm (D:2)
  A dart slug (D:2)
  3 leopard geckos
  46 orcs
  5 giant cockroaches
  8 goblins
  6 hobgoblins
  7 jackals
  16 kobolds
  6 quokkas
  5 bats
  6 frilled lizards
  A jackal skeleton (D:4)
  7 rats
  2 plants (Lair:5)
594 creatures vanquished.

Vanquished Creatures (collateral kills)
  Gastronok (Lair:2)
  2 hydras (Lair:6)
  A sea snake (Shoals:2)
  An oklob plant (Lair:5)
  2 spiny frogs
  A komodo dragon (Lair:5)
  2 rime drakes
  A troll (D:12)
  Grinder (D:3)
  A meliai (Lair:4)
  A merfolk (Shoals:1)
  A dream sheep (Lair:5)
  A hippogriff (Lair:2)
  3 blink frogs
  Sigmund (D:3)
  A wyvern (D:9)
  A hungry ghost (D:8)
  A hydra simulacrum (Lair:6)
  A sky beast (D:13)
  3 wolves (Lair:6)
  2 centaurs (D:12)
  A bullfrog (D:4)
  A spiny frog simulacrum (Lair:6)
  A wight (D:7)
  3 killer bees
  A howler monkey (D:4)
  4 hounds
  A jelly (D:8)
  A bullfrog skeleton (D:12)
  3 orc wizards
  3 adders
  A leopard gecko (D:4)
  2 orcs
  3 kobolds
  A quokka skeleton (D:6)
  A fungus (Lair:2)
56 creatures vanquished.

Vanquished Creatures (others)
  A slave (D:7)
  An orc wizard (D:10)
  A kobold (D:13)
  15 fungi (Lair:6)
  9 plants
  2 withered plants (D:4)
29 creatures vanquished.

Grand Total: 679 creatures vanquished

Notes
Turn   | Place    | Note
-------+----------+-------------------------------------------
     0 | D:1      | McKennaii the Demonspawn Fighter began the quest for the
                  | Orb.
     0 | D:1      | Reached XP level 1. HP: 18/18 MP: 1/1
   151 | D:1      | Reached skill level 3 in Shields
   151 | D:1      | Gained mutation: You are partially covered in large bone
                  | plates. (SH +4) [demonic ancestry]
   151 | D:1      | Reached XP level 2. HP: 17/24 MP: 2/2
   655 | D:1      | Gained mutation: A weak demonic guardian rushes to your
                  | aid. [demonic ancestry]
   655 | D:1      | Reached XP level 3. HP: 28/29 MP: 3/3
   921 | D:2      | Found a sparkling altar of Nemelex Xobeh.
  1129 | D:2      | Gained mutation: You have sharp toenails. [demonic
                  | ancestry]
  1129 | D:2      | Reached XP level 4. HP: 29/35 MP: 4/4
  1917 | D:3      | Noticed Purgy
  1935 | D:3      | Noticed Sigmund
  1946 | D:3      | Killed Purgy
  1946 | D:3      | Reached skill level 4 in Shields
  1946 | D:3      | Gained mutation: You have razor-sharp toenails. [demonic
                  | ancestry]
  1946 | D:3      | Reached XP level 5. HP: 13/41 MP: 5/5
  2231 | D:3      | Noticed Ijyb
  2255 | D:3      | Killed Ijyb
  2397 | D:4      | Found a runed translucent door.
  2398 | D:4      | Noticed test0r's ghost (amateur DrCj)
  2462 | D:4      | Gained mutation: When hurt, damage is shared between your
                  | health and your magic reserves. [demonic ancestry]
  2462 | D:4      | Reached XP level 6. HP: 29/47 MP: 6/6
  2621 | D:4      | Identified the cursed +2 mace of Wrongful Imprisonment
                  | {crush, +Inv Str+3 Stlth+}
  2712 | D:4      | Reached XP level 7. HP: 53/53 MP: 7/7
  2725 | D:4      | Reached skill level 1 in Dodging
  3275 | D:4      | Killed test0r's ghost
  3275 | D:4      | Reached skill level 1 in Stealth
  3275 | D:4      | Reached skill level 5 in Shields
  3424 | D:3      | Noticed Grinder
  3435 | D:3      | Paralysed by Grinder for 4 turns
  3441 | D:3      | Killed Grinder
  3441 | D:3      | Reached skill level 1 in Maces & Flails
  3517 | D:3      | Killed Sigmund
  3517 | D:3      | Gained mutation: You regenerate magic rapidly. [demonic
                  | ancestry]
  3517 | D:3      | Reached XP level 8. HP: 54/60 MP: 6/8
  3624 | D:5      | Entered Level 5 of the Dungeon
  3624 | D:5      | Found Ofuolet's General Store.
  3629 | D:5      | Reached skill level 5 in Axes
  3636 | D:5      | Bought a potion of agility for 44 gold pieces
  3705 | D:5      | Found Ylenej's Antique Armour Emporium.
  3964 | D:5      | Got a shimmering morningstar
  3968 | D:5      | Identified the +4 morningstar "Ruabiapn" {crush, Int+4
                  | Dex-4 SInv} (You found it on level 5 of the Dungeon)
  4029 | D:5      | Found Urid's General Store.
  4598 | D:6      | Got a shimmering ivory ring
  4607 | D:6      | Found a shimmering altar of Xom.
  4665 | D:6      | Found a runed translucent door.
  4666 | D:6      | Noticed Crazy Yiuf
  4720 | D:6      | Found a staircase to the Ecumenical Temple.
  4733 | D:6      | Found Iloton's Jewellery Shop.
  4876 | D:6      | Reached skill level 6 in Shields
  5073 | D:6      | Killed Crazy Yiuf
  5080 | D:6      | Got an ivory mace
  5095 | D:6      | Identified the +6 mace "Zeerirr" {drain, rC+ rN+} (You
                  | found it on level 6 of the Dungeon)
  5098 | D:6      | Identified the ring "Plog" {+Fly rPois rN+ Int+3 Dex+4}
                  | (You found it on level 6 of the Dungeon)
  5200 | D:7      | Noticed Harold
  5203 | D:7      | Noticed Pikel
  5342 | D:7      | Found a transporter.
  5355 | D:7      | Found a basalt altar of Yredelemnul.
  5356 | D:7      | Noticed a seven-headed hydra
  5373 | D:7      | Found a transporter.
  5397 | D:7      | Reached skill level 5 in Fighting
  5467 | D:7      | Reached skill level 5 in Armour
  5467 | D:7      | Gained mutation: You are mostly covered in large bone
                  | plates. (SH +6) [demonic ancestry]
  5467 | D:7      | Reached XP level 9. HP: 68/68 MP: 9/9
  5582 | D:7      | Killed Pikel
  5582 | D:7      | Reached skill level 7 in Shields
  5811 | D:7      | Killed Harold
  5812 | D:7      | Reached skill level 8 in Shields
  6125 | D:8      | Reached XP level 10. HP: 66/76 MP: 10/10
  6178 | D:8      | Noticed Psyche
  6189 | D:8      | Killed Psyche
  6240 | D:8      | Found an iron altar of Okawaru.
  6732 | D:9      | Found a staircase to the Orcish Mines.
  7042 | D:9      | Found a white marble altar of Elyvilon.
  7371 | D:10     | Entered Level 10 of the Dungeon
  7607 | D:10     | Reached skill level 9 in Shields
  7954 | D:10     | Noticed a two-headed ogre
  7967 | D:10     | Killed a two-headed ogre
  7967 | D:10     | Gained mutation: You have claws for feet. [demonic
                  | ancestry]
  7967 | D:10     | Reached XP level 11. HP: 35/84 MP: 6/11
  8466 | D:11     | Noticed a two-headed ogre
  8466 | D:11     | Noticed a two-headed ogre
  8466 | D:11     | Noticed an ogre mage
  8467 | D:11     | Noticed a two-headed ogre
  8469 | D:11     | Noticed a two-headed ogre
  8476 | D:11     | Noticed a two-headed ogre
  8479 | D:11     | Killed a two-headed ogre
  8844 | D:11     | Paralysed by an ogre mage for 4 turns
  8861 | D:11     | Killed an ogre mage
  8861 | D:11     | Reached skill level 10 in Shields
  9002 | D:11     | Killed a two-headed ogre
  9190 | D:11     | Killed a two-headed ogre
  9215 | D:11     | Killed a two-headed ogre
  9447 | D:11     | Killed a two-headed ogre
  9447 | D:11     | Reached skill level 1 in Evocations
 10264 | D:8      | Found a staircase to the Lair.
 10986 | D:7      | Killed a seven-headed hydra
 10986 | D:7      | Reached XP level 12. HP: 70/95 MP: 8/12
 11182 | Temple   | Entered the Ecumenical Temple
 11323 | Temple   | Became a worshipper of Makhleb the Destroyer
 11423 | D:5      | Bought the +3 helmet of the Ageless Beds {MP+9 Int+2} for
                  | 545 gold pieces
 11467 | D:5      | Bought a glowing cloak for 202 gold pieces
 11610 | D:12     | Noticed a four-headed hydra
 11618 | D:12     | Killed a four-headed hydra
 11618 | D:12     | Reached skill level 11 in Shields
 12049 | D:12     | Noticed a five-headed hydra
 12056 | D:12     | Killed a five-headed hydra
 12461 | D:13     | Noticed a centaur warrior
 12467 | D:13     | Killed a centaur warrior
 12467 | D:13     | Reached skill level 10 in Fighting
 12467 | D:13     | Reached skill level 1 in Invocations
 12481 | D:13     | Reached * piety under Makhleb
 12839 | D:13     | Noticed Jorgrun
 13000 | Lair:1   | Entered Level 1 of the Lair of Beasts
 13883 | Lair:2   | Noticed a six-headed hydra
 13891 | Lair:2   | Killed a six-headed hydra
 13923 | Lair:2   | Noticed Gastronok
 13936 | Lair:2   | Killed Gastronok
 13936 | Lair:2   | Reached XP level 13. HP: 63/104 MP: 15/15
 14119 | Lair:2   | Noticed Nergalle
 14127 | Lair:2   | Killed Nergalle
 14330 | Lair:2   | Reached ** piety under Makhleb
 14537 | Lair:3   | Reached skill level 12 in Shields
 14577 | Lair:3   | Noticed Urug
 14597 | Lair:3   | Killed Urug
 15056 | Lair:3   | Found a staircase to the Shoals.
 15592 | Lair:4   | Reached skill level 5 in Invocations
 15604 | Lair:4   | Found a hole to the Spider Nest.
 15684 | Lair:4   | Reached *** piety under Makhleb
 16127 | Lair:4   | You fall through a shaft!
 16278 | Lair:5   | Reached skill level 10 in Axes
 16286 | Lair:5   | Reached **** piety under Makhleb
 16304 | Lair:5   | Noticed Nessos
 16326 | Lair:5   | Reached skill level 13 in Shields
 16352 | Lair:5   | Killed Nessos
 16436 | Lair:5   | Found a staircase to the Slime Pits.
 16971 | Lair:5   | Reached XP level 14. HP: 110/113 MP: 18/18
 18490 | Lair:6   | Entered Level 6 of the Lair of Beasts
 18515 | Lair:6   | Found a runed translucent gate.
 18516 | Lair:6   | Found a runed translucent gate.
 19297 | Lair:6   | Noticed MalarOregon's ghost (journeyman DrCj)
 19619 | Lair:6   | Reached ***** piety under Makhleb
 19763 | Lair:6   | Found a runed translucent gate.
 19821 | Lair:6   | Reached skill level 14 in Shields
 20331 | Lair:6   | Got the ring of Yttot {Fire}
 20349 | Lair:6   | Identified the ring of Yttot {Fire +Blink Str+3 SInv} (You
                  | found it on level 6 of the Lair of Beasts)
 20806 | D:13     | Found a roughly hewn altar of Beogh.
 21646 | D:13     | Killed Jorgrun
 22031 | Shoals:1 | Entered Level 1 of the Shoals
 22033 | Shoals:1 | Found the +4 skin of Zhor {Hibernate rC+++ SInv}
 22099 | Shoals:1 | Reached skill level 10 in Armour
 22306 | Shoals:1 | Gained mutation: Your flesh is cold resistant. (rC+)
                  | [demonic ancestry]
 22306 | Shoals:1 | Reached XP level 15. HP: 89/122 MP: 21/21
 23232 | Shoals:2 | Noticed Kirke
 23265 | Shoals:2 | Slain by a harpy

Skill      XL: |  1  2  3  4  5  6  7  8  9 10 11 12 13 14 15 |
---------------+----------------------------------------------+-----
Shields        | 3 4 5 6 8 9 10 11 13 14 | 14.7
Armour         | 3 4 5 6 7 8 9 10 | 10.3
Axes           | 2 3 4 5 6 7 8 9 10 11 | 11.1
Fighting       | 4 5 6 7 9 10 11 12 | 12.7
Dodging        | 1 2 3 4 |  4.2
Stealth        | 1 2 3 |  3.8
Maces & Flails | 1 2 |  2.7
Evocations     | 1 |  1.9
Invocations    | 3 5 8 9 |  9.2

Action                   |  1- 3 |  4- 6 |  7- 9 | 10-12 | 13-15 || total
-------------------------+-------+-------+-------+-------+-------++-------
Melee: War axe           |   130 |   119 |       |       |       ||   249
       Kick              |       |    31 |    82 |   313 |   642 ||  1068
       Mace              |       |     2 |   268 |   751 |  1319 ||  2340
       Unarmed           |       |       |       |       |     6 ||     6
Invok: Lesser Servant of |       |       |       |       |    10 ||    10
       Greater Servant o |       |       |       |       |     2 ||     2
 Abil: Evoke Flight      |       |       |       |       |     2 ||     2
Evoke: Wand              |       |       |       |    11 |    10 ||    21
  Use: Scroll            |       |       |     4 |    16 |     8 ||    28
       Potion            |       |       |       |     1 |     2 ||     3
 Stab: Distracted        |       |     3 |     3 |     9 |    17 ||    32
       Confused          |       |       |       |       |     3 ||     3
  Eat: Chunk             |       |     6 |    13 |    22 |    23 ||    64
       Ration            |       |       |       |     2 |     3 ||     5
Armor: Scale mail        |    40 |     3 |       |       |       ||    43
       Chain mail        |       |    66 |   120 |    89 |       ||   275
       Plate armour      |       |       |       |   286 |   757 ||  1043
Dodge: Dodged            |    23 |    23 |    45 |   165 |   397 ||   653
Block: Shield            |   107 |   121 |   209 |   784 |  1629 ||  2850
